TOP OF THE 1ST |
Detroit Tigers batting - Pitching for Toronto Blue Jays : LHP Stacy Hootentootin
|
Pitching: LHP Stacy Hootentootin
|
|
Batting: RHB Dave Reynolds
|
0-0: Called Strike 0-1: Ball 1-1: Ball 2-1: Ball 3-1: Base on Balls
|
Batting: RHB Ryan Neal
|
0-0: Called Strike 0-1: Ball 1-1: Ball 2-1: Bunted foul 2-2: Foul Ball, location: 2F 2-2: SINGLE (Groundball, 4MD, EV 104.4 MPH) Dave Reynolds to second
|
Batting: RHB Chris Wheatley
|
0-0: Swinging Strike 0-1: Ball 1-1: Swinging Strike 1-2: Strikes out swinging
|
Batting: LHB Morgan Black
|
0-0: Swinging Strike 0-1: Called Strike 0-2: Foul Ball, location: 2F 0-2: Strikes out swinging
|
Batting: RHB Greg Harman
|
0-0: Ball 1-0: Ball 2-0: Foul Ball, location: 2F 2-1: Ball 3-1: Called Strike 3-2: Base on Balls Dave Reynolds to third Ryan Neal to second
|
Batting: RHB Jerry Jauregui
|
0-0: SINGLE (Groundball, 34D, EV 104.4 MPH) Dave Reynolds scores Ryan Neal to third Greg Harman to second Runner from 3rd tries for Home, SAFE, throw by RF to home
|
Batting: RHB Victor Quinones
|
0-0: Ball 1-0: Swinging Strike 1-1: SINGLE (Groundball, 6MD, EV 103.8 MPH) Greg Harman to third Jerry Jauregui to second Runner from 3rd tries for Home, throw by CF and OUT! 8-2
|
Top of the 1st over - 2 runs, 3 hits, 0 errors, 2 left on base; Detroit 2 - Toronto 0 |
BOTTOM OF THE 1ST |
Toronto Blue Jays batting - Pitching for Detroit Tigers : RHP Ricky Tercero
|
Pitching: RHP Ricky Tercero
|
|
Batting: SHB Matt Altieri
|
0-0: Called Strike 0-1: Swinging Strike 0-2: Ball 1-2: Foul Ball, location: 2F 1-2: Ball 2-2: Foul Ball, location: 2F 2-2: Hit by Pitch
|
Batting: SHB Zory Larikov
|
0-0: Grounds into double play, 4-6-3 (Groundball, 4MS, EV 88.8 MPH)
|
Batting: LHB Michael Byrd
|
0-0: Ball 1-0: Foul Ball, location: 2F 1-1: Ball 2-1: Called Strike 2-2: Ball 3-2: Foul Ball, location: 2F 3-2: Base on Balls
|
Batting: RHB David Casas
|
0-0: Ball Wild Pitch! Michael Byrd to second 1-0: Swinging Strike 1-1: Swinging Strike 1-2: Foul Ball, location: 2F 1-2: Foul Ball, location: 2F 1-2: Foul Ball, location: 2F 1-2: Strikes out swinging
|
Bottom of the 1st over - 0 runs, 0 hits, 0 errors, 1 left on base; Detroit 2 - Toronto 0 |
TOP OF THE 2ND |
Detroit Tigers batting - Pitching for Toronto Blue Jays : LHP Stacy Hootentootin
|
Batting: RHB Luke Feeney
|
0-0: Ball 1-0: Ball 2-0: Ball 3-0: Called Strike 3-1: Swinging Strike 3-2: Strikes out swinging
|
Batting: RHB Andres Leon
|
0-0: Fly out, F9 (Flyball, 89S, EV 92.5 MPH)
|
Batting: RHB Dave Reynolds
|
0-0: Ball 1-0: Ball 2-0: Ball 3-0: Base on Balls
|
Batting: RHB Ryan Neal
|
0-0: Ball 1-0: Ball 2-0: Ball 3-0: Called Strike 3-1: SINGLE (Flyball, 78S, EV 94.4 MPH) Dave Reynolds to second
|
Batting: RHB Chris Wheatley
|
0-0: Ball 1-0: Ball 2-0: Called Strike 2-1: Fielders Choice at 2nd, 6-4 (Groundball, 6, EV 92.5 MPH)
|
Top of the 2nd over - 0 runs, 1 hit, 0 errors, 2 left on base; Detroit 2 - Toronto 0 |
BOTTOM OF THE 2ND |
Toronto Blue Jays batting - Pitching for Detroit Tigers : RHP Ricky Tercero
|
Batting: LHB Jon Schick
|
0-0: Ball 1-0: Called Strike 1-1: Ball 2-1: Foul Ball, location: 2F 2-2: Ball 3-2: Base on Balls
|
Batting: RHB Donny Burnside
|
0-0: Ball 1-0: Called Strike 1-1: Ball 2-1: Foul Ball, location: 2F 2-2: Ball 3-2: Foul Ball, location: 2F 3-2: Base on Balls Jon Schick to second
|
Batting: LHB Willis Robles
|
0-0: Ball 1-0: Swinging Strike 1-1: Grounds into double play, 4-6-3 (Groundball, 34, EV 102.5 MPH) Jon Schick to third
|
Batting: RHB Danny Burnside
|
0-0: Called Strike 0-1: Ground out 6-3 (Groundball, 6M, EV 81.2 MPH)
|
Bottom of the 2nd over - 0 runs, 0 hits, 0 errors, 1 left on base; Detroit 2 - Toronto 0 |
TOP OF THE 3RD |
Detroit Tigers batting - Pitching for Toronto Blue Jays : LHP Stacy Hootentootin
|
Batting: LHB Morgan Black
|
0-0: Ball 1-0: Foul Ball, location: 2F 1-1: Swinging Strike 1-2: Ball 2-2: Strikes out swinging
|
Batting: RHB Greg Harman
|
0-0: Called Strike 0-1: Foul Ball, location: 2F 0-2: Ball 1-2: Foul Ball, location: 2F 1-2: Ball 2-2: Foul Ball, location: 2F 2-2: Ball 3-2: Fly out, F4 (Popup, 23, EV 80.0 MPH)
|
Batting: RHB Jerry Jauregui
|
0-0: Foul Ball, location: 2F 0-1: Fly out, F8 (Flyball, 8RS, EV 88.8 MPH)
|
Top of the 3rd over - 0 runs, 0 hits, 0 errors, 0 left on base; Detroit 2 - Toronto 0 |
BOTTOM OF THE 3RD |
Toronto Blue Jays batting - Pitching for Detroit Tigers : RHP Ricky Tercero
|
Batting: SHB Dylan Novakowski
|
0-0: Ball 1-0: Bunt for hit to 2L - play at first, batter OUT! 2-3
|
Batting: SHB Matt Altieri
|
0-0: Ball 1-0: Ball 2-0: Foul Ball, location: 2F 2-1: Ball 3-1: Base on Balls
|
Batting: SHB Zory Larikov
|
0-0: Called Strike 0-1: Ball Matt Altieri steals 2nd base 1-1: Ball 2-1: Called Strike 2-2: Ball 3-2: Strikes out looking
|
Batting: LHB Michael Byrd
|
0-0: Foul Ball, location: 2F 0-1: Foul Ball, location: 2F 0-2: Foul Ball, location: 2F 0-2: Ground out 4-3 (Groundball, 4, EV 81.9 MPH)
|
Bottom of the 3rd over - 0 runs, 0 hits, 0 errors, 1 left on base; Detroit 2 - Toronto 0 |
TOP OF THE 4TH |
Detroit Tigers batting - Pitching for Toronto Blue Jays : LHP Stacy Hootentootin
|
Batting: RHB Victor Quinones
|
0-0: Ball 1-0: Ball 2-0: Called Strike 2-1: Foul Ball, location: 2F 2-2: Ball 3-2: Foul Ball, location: 2F 3-2: Strikes out looking
|
Batting: RHB Luke Feeney
|
0-0: Called Strike 0-1: Ball 1-1: Swinging Strike 1-2: SINGLE (Line Drive, 89M, EV 86.2 MPH)
|
Batting: RHB Andres Leon
|
0-0: Ball 1-0: Foul Ball, location: 2F 1-1: Ball 2-1: Foul Ball, location: 2F 2-2: Foul Ball, location: 2F 2-2: Foul Ball, location: 2F 2-2: Strikes out looking
|
Batting: RHB Dave Reynolds
|
0-0: Ground out 6-3 (Groundball, 6S, EV 81.2 MPH)
|
Top of the 4th over - 0 runs, 1 hit, 0 errors, 1 left on base; Detroit 2 - Toronto 0 |
BOTTOM OF THE 4TH |
Toronto Blue Jays batting - Pitching for Detroit Tigers : RHP Ricky Tercero
|
Batting: RHB David Casas
|
0-0: Called Strike 0-1: Foul Ball, location: 2F 0-2: Foul Ball, location: 2F 0-2: Ball 1-2: Ball 2-2: Ball 3-2: Ground out 5-3 (Groundball, 56D, EV 85.6 MPH)
|
Batting: LHB Jon Schick
|
0-0: Foul Ball, location: 2F 0-1: Called Strike 0-2: Ball 1-2: Ball 2-2: Ground out U3 (Groundball, 34S, EV 83.1 MPH)
|
Batting: RHB Donny Burnside
|
0-0: Ball 1-0: Fly out, F8 (Flyball, 8LXD, EV 89.4 MPH)
|
Bottom of the 4th over - 0 runs, 0 hits, 0 errors, 0 left on base; Detroit 2 - Toronto 0 |
TOP OF THE 5TH |
Detroit Tigers batting - Pitching for Toronto Blue Jays : LHP Stacy Hootentootin
|
Batting: RHB Ryan Neal
|
0-0: Called Strike 0-1: Ball 1-1: Swinging Strike 1-2: DOUBLE (Flyball, 78XD, EV 115.6 MPH)
|
Batting: RHB Chris Wheatley
|
0-0: Ball 1-0: Foul Ball, location: 2F 1-1: Fly out, F8 (Line Drive, 78M, EV 100.6 MPH)
|
Batting: LHB Morgan Black
|
0-0: Called Strike 0-1: Ball 1-1: Swinging Strike 1-2: Ground out 6-3 (Groundball, 6MS, EV 84.4 MPH) Ryan Neal to third
|
Batting: RHB Greg Harman
|
0-0: Ball 1-0: Ball 2-0: Foul Ball, location: 2F 2-1: Called Strike 2-2: Foul Ball, location: 2F 2-2: SINGLE (Flyball, 78S, EV 88.8 MPH) Ryan Neal scores
|
Batting: RHB Jerry Jauregui
|
0-0: Called Strike 0-1: Called Strike 0-2: Ball 1-2: Strikes out looking
|
Top of the 5th over - 1 run, 2 hits, 0 errors, 1 left on base; Detroit 3 - Toronto 0 |
BOTTOM OF THE 5TH |
Toronto Blue Jays batting - Pitching for Detroit Tigers : RHP Ricky Tercero
|
Batting: LHB Willis Robles
|
0-0: Ball 1-0: Ground out 4-3 (Groundball, 4, EV 83.8 MPH)
|
Batting: RHB Danny Burnside
|
0-0: Hit by Pitch
|
Batting: SHB Dylan Novakowski
|
0-0: Called Strike Danny Burnside steals 2nd base (no throw) 0-1: Ball 1-1: Swinging Strike 1-2: Ball 2-2: Foul Ball, location: 2F 2-2: Fly out, F9 (Flyball, 9, EV 83.1 MPH)
|
Batting: SHB Matt Altieri
|
0-0: Swinging Strike 0-1: Foul Ball, location: 2F 0-2: Strikes out swinging
|
Bottom of the 5th over - 0 runs, 0 hits, 0 errors, 1 left on base; Detroit 3 - Toronto 0 |
TOP OF THE 6TH |
Detroit Tigers batting - Pitching for Toronto Blue Jays : LHP Stacy Hootentootin
|
Pitching: LHP Mario Amore
|
|
Batting: RHB Victor Quinones
|
0-0: Foul Ball, location: 2F 0-1: Swinging Strike 0-2: Ball 1-2: Strikes out swinging
|
Batting: RHB Luke Feeney
|
0-0: Ball 1-0: Called Strike 1-1: Foul Ball, location: 2F 1-2: Strikes out swinging
|
Batting: RHB Andres Leon
|
0-0: Called Strike 0-1: Foul Ball, location: 2F 0-2: Strikes out swinging
|
Top of the 6th over - 0 runs, 0 hits, 0 errors, 0 left on base; Detroit 3 - Toronto 0 |
BOTTOM OF THE 6TH |
Toronto Blue Jays batting - Pitching for Detroit Tigers : RHP Ricky Tercero
|
Batting: SHB Zory Larikov
|
0-0: Called Strike 0-1: Swinging Strike 0-2: Strikes out looking
|
Batting: LHB Michael Byrd
|
0-0: Ball 1-0: Ball 2-0: Swinging Strike 2-1: Ball 3-1: Base on Balls
|
Batting: RHB David Casas
|
0-0: Ball 1-0: Called Strike 1-1: Called Strike 1-2: Ball 2-2: SINGLE (Flyball, 6D, EV 91.9 MPH) Michael Byrd to second
|
Batting: LHB Jon Schick
|
0-0: SINGLE (Line Drive, 4M, EV 95.6 MPH) Michael Byrd to third David Casas to second
|
Batting: RHB Donny Burnside
|
0-0: SINGLE (Groundball, 6MD, EV 108.1 MPH) Michael Byrd scores David Casas to third Jon Schick to second Runner from 3rd tries for Home, SAFE, throw by CF to home
|
Batting: LHB Willis Robles
|
0-0: Ball 1-0: Ball 2-0: Ball 3-0: Called Strike 3-1: Base on Balls Jon Schick to third Donny Burnside to second
|
Pitching: RHP Wayne McAllister
|
|
Batting: RHB Danny Burnside
|
0-0: DOUBLE (Line Drive, 7LM, EV 104.4 MPH) Jon Schick scores Donny Burnside scores Willis Robles to third Runner from 3rd tries for Home, SAFE, throw by LF to home
|
Batting: SHB Dylan Novakowski
|
0-0: Fly out, F6 (Line Drive, 6, EV 65.0 MPH)
|
Batting: SHB Matt Altieri
|
0-0: Ball 1-0: Ball 2-0: Ball 3-0: Called Strike 3-1: Base on Balls
|
Batting: SHB Zory Larikov
|
0-0: Ball 1-0: Foul Ball, location: 2F 1-1: Called Strike 1-2: Ball 2-2: Strikes out swinging
|
Bottom of the 6th over - 5 runs, 4 hits, 0 errors, 2 left on base; Detroit 3 - Toronto 5 |
TOP OF THE 7TH |
Detroit Tigers batting - Pitching for Toronto Blue Jays : LHP Mario Amore
|
Batting: RHB Dave Reynolds
|
0-0: Called Strike 0-1: Foul Ball, location: 2F 0-2: Foul Ball, location: 2F 0-2: Ball 1-2: Foul Ball, location: 2F 1-2: Foul Ball, location: 2F 1-2: Ball 2-2: Ball 3-2: Foul Ball, location: 2F 3-2: SINGLE (Groundball, 6MD, EV 101.2 MPH)
|
Batting: RHB Ryan Neal
|
0-0: Ball 1-0: Called Strike 1-1: Bunt - Flyout to 15! F1
|
Batting: RHB Chris Wheatley
|
0-0: Ball 1-0: Grounds into double play, 6-4-3 (Groundball, 6M, EV 87.5 MPH)
|
Top of the 7th over - 0 runs, 1 hit, 0 errors, 0 left on base; Detroit 3 - Toronto 5 |
BOTTOM OF THE 7TH |
Toronto Blue Jays batting - Pitching for Detroit Tigers : RHP Wayne McAllister
|
Batting: LHB Michael Byrd
|
0-0: Called Strike 0-1: Ball 1-1: Foul Ball, location: 2F 1-2: Strikes out swinging
|
Batting: RHB David Casas
|
0-0: Called Strike 0-1: Ball 1-1: Ball 2-1: Foul Ball, location: 2F 2-2: Foul Ball, location: 2F 2-2: Strikes out swinging
|
Batting: LHB Jon Schick
|
0-0: Called Strike 0-1: Ball 1-1: Called Strike 1-2: Ball 2-2: Strikes out looking
|
Bottom of the 7th over - 0 runs, 0 hits, 0 errors, 0 left on base; Detroit 3 - Toronto 5 |
TOP OF THE 8TH |
Detroit Tigers batting - Pitching for Toronto Blue Jays : LHP Mario Amore
|
Pitching: RHP Hoof Harted
|
|
Batting: LHB Morgan Black
|
0-0: Called Strike 0-1: Ball 1-1: Foul Ball, location: 2F 1-2: Ball 2-2: Strikes out swinging
|
Batting: RHB Greg Harman
|
0-0: DOUBLE (Line Drive, 7LD, EV 108.8 MPH)
|
Batting: RHB Jerry Jauregui
|
0-0: Ball 1-0: Ball 2-0: Fly out, F7 (Line Drive, 78M, EV 104.4 MPH)
|
Batting: RHB Victor Quinones
|
0-0: Called Strike 0-1: SINGLE (Groundball, 6S, EV 68.1 MPH) (infield hit) Greg Harman to third
|
Pinch Hitting: LHB Tyler Davis
|
0-0: Ball 1-0: Called Strike 1-1: Foul Ball, location: 2F 1-2: Foul Ball, location: 2F 1-2: Strikes out swinging
|
Top of the 8th over - 0 runs, 2 hits, 0 errors, 2 left on base; Detroit 3 - Toronto 5 |
BOTTOM OF THE 8TH |
Toronto Blue Jays batting - Pitching for Detroit Tigers : RHP Wayne McAllister
|
Pitching: RHP Steve McGaughey
|
|
Now in RF: Tyler Davis
|
|
Batting: RHB Donny Burnside
|
0-0: Swinging Strike 0-1: Ground out 4-3 (Groundball, 4, EV 98.8 MPH)
|
Batting: LHB Willis Robles
|
0-0: Called Strike 0-1: SOLO HOME RUN (Flyball, 89XD, EV 106.2 MPH), Distance : 412 ft
|
Batting: RHB Danny Burnside
|
0-0: Called Strike 0-1: Ground out 4-3 (Groundball, 34, EV 108.1 MPH)
|
Batting: SHB Dylan Novakowski
|
0-0: Foul Ball, location: 2F 0-1: Ground out 3-1 (Groundball, 3D, EV 88.8 MPH)
|
Bottom of the 8th over - 1 run, 1 hit, 0 errors, 0 left on base; Detroit 3 - Toronto 6 |
TOP OF THE 9TH |
Detroit Tigers batting - Pitching for Toronto Blue Jays : RHP Hoof Harted
|
Batting: RHB Andres Leon
|
0-0: Ball 1-0: Ball 2-0: Called Strike 2-1: Foul Ball, location: 2F 2-2: Strikes out swinging
|
Batting: RHB Dave Reynolds
|
0-0: Called Strike 0-1: Ball 1-1: Called Strike 1-2: Foul Ball, location: 2F 1-2: Ball 2-2: Ball 3-2: Fly out, F8 (Flyball, 8RD, EV 96.2 MPH)
|
Batting: RHB Ryan Neal
|
0-0: Fly out, F7 (Line Drive, 78M, EV 103.8 MPH)
|
Top of the 9th over - 0 runs, 0 hits, 0 errors, 0 left on base; Detroit 3 - Toronto 6 |
|